 Dungeon Crawl Stone Soup version 0.28.0-53-g5a82cb258f (webtiles) character file.

Game seed: 4629025929268101693

87 Metae the Skirmisher (level 4, -23/42 HPs)
             Began as a Minotaur Fighter on July 6, 2022.
             Annihilated by an ogre
             ... wielding a +0 giant club
              (31 damage)
             ... on level 4 of the Dungeon.
             The game lasted 00:05:14 (2501 turns).

Metae the Skirmisher (Minotaur Fighter)             Turns: 2501, Time: 00:05:15

Health: -23/42     AC:  6    Str: 23    XL:     4   Next: 28%
Magic:  3/3        EV:  9    Int:  5    God:
Gold:   140        SH:  4    Dex:  9    Spells: 3/3 levels left

rFire   . . .      SeeInvis .   a - +0 war axe
rCold   . . .      Faith    .   c - +0 buckler
rNeg    . . .      Spirit   .   b - +0 scale mail
rPois   .          Reflect  .   (helmet restricted)
rElec   .          Harm     .   (no cloak)
rCorr   .          Rampage  .   (no gloves)
Will    .....                   (no boots)
Stlth   ..........              (no amulet)
HPRegen 0.14/turn               (no ring)
MPRegen 0.08/turn               (no ring)

@: no status effects
A: horns 2, retaliatory headbutt
a: no special abilities


You were on level 4 of the Dungeon.
You visited 1 branch of the dungeon, and saw 4 of its levels.

You collected 140 gold pieces.

Inventory:

Hand Weapons
 a - a +0 war axe (weapon)
 i - a +0 hunting sling
Missiles
 l - 34 stones (quivered)
Armour
 b - a +0 scale mail (worn)
 c - a +0 buckler (worn)
Jewellery
 e - a ring of wizardry
Scrolls
 f - a scroll of vulnerability {unknown}
 g - a scroll of teleportation {unknown}
 j - a scroll of blinking {unknown}
 m - a scroll of torment {unknown}
 p - a scroll of identify {unknown}
 q - a scroll of fear {unknown}
Potions
 d - a potion of might
 h - a potion of cancellation {unknown}
 k - 2 potions of curing {unknown}
 n - a potion of attraction {unknown}
 o - a potion of degeneration {unknown}


   Skills:
 + Level 5.0 Fighting
 + Level 4.3 Axes
 - Level 3.6 Armour
 - Level 3.6 Shields


You had 3 spell levels left.
You didn't know any spells.
Your spell library contained the following spells:

 Spells                   Type           Power      Damage    Failure   Level
 Sandblast                Erth           0%         2d4       86%         1
 Passwall                 Tmut/Erth      0%         N/A       95%         2
 Ignite Poison            Fire/Tmut/Pois 0%         N/A       99%         3
 Mephitic Cloud           Conj/Pois/Air  0%         N/A       99%         3
 Portal Projectile        Hex/Tloc       0%         N/A       99%         3
 Stone Arrow              Conj/Erth      0%         3d7       99%         3
 Blade Hands              Tmut           0%         N/A       100%        5
 Excruciating Wounds      Necr           0%         N/A       100%        5
 Freezing Cloud           Conj/Ice/Air   0%         6-21      100%        5


Dungeon Overview and Level Annotations

Branches:
Dungeon (4/15)
 Temple: D:4-7

Altars:


Innate Abilities, Weirdness & Mutations

You have a pair of horns on your head.
You reflexively headbutt those who attack you in melee.


Message History

Ijyb is heavily wounded.
Ijyb barely misses you. You furiously retaliate!
You headbutt Ijyb! You closely miss Ijyb.
Ijyb is almost dead.
Ijyb zaps a wand.
You suddenly lose the ability to move!
Ijyb hits you but does no damage. Ijyb hits you but does no damage. x2
Ijyb hits you with a +0 dagger.
Ijyb zaps a wand.
You resist with significant effort.
Ijyb zaps a wand.
You shrug off the repeated paralysis!
An ogre comes into view. It is wielding a +0 giant club.
Ijyb hits you but does no damage.
You can move again.
You barely miss Ijyb.
Ijyb is almost dead.
The ogre shouts!
You hear a shout!
Ijyb barely misses you. You furiously retaliate!
You headbutt Ijyb. You hit Ijyb.
You kill Ijyb!
Your Fighting skill increases to level 5!
You have reached level 4!
You feel stronger.
You slash the ogre! You headbutt the ogre.
The ogre is heavily wounded.
The ogre closely misses you.
You barely miss the ogre.
The ogre is heavily wounded.
The ogre hits you with a +0 giant club!!
You hit the ogre. Your headbutt misses the ogre.
The ogre is heavily wounded.
The ogre barely misses you. You furiously retaliate!
You headbutt the ogre. You hit the ogre.
The ogre is severely wounded.
The ogre hits you with a +0 giant club!
* * * LOW HITPOINT WARNING * * *
You hit the ogre.
The ogre is severely wounded.
The ogre hits you with a +0 giant club!!
Ouch! That really hurt!
You die...

##############.##..
#.....<.O@.........
#####.###########..
... .J... #.#.#! ..
.... . #g .. .. ..


You could see an ogre.

Vanquished Creatures
  Ijyb (D:4)
  3 dart slugs (D:1)
  An orc (D:3)
  7 ball pythons
  5 bats
  5 endoplasms
  3 giant cockroaches
  5 goblins
  5 hobgoblins (D:1)
  3 kobolds
  A quokka (D:1)
  4 frilled lizards
  6 rats
49 creatures vanquished.

Vanquished Creatures (others)
  14 plants (D:1)
14 creatures vanquished.

Grand Total: 63 creatures vanquished

Notes
Turn   | Place    | Note
-------+----------+-------------------------------------------
     0 | D:1      | Metae the Minotaur Fighter began the quest for the Orb.
     0 | D:1      | Reached XP level 1. HP: 19/19 MP: 0/0
   116 | D:1      | Reached skill level 4 in Fighting
   116 | D:1      | Reached XP level 2. HP: 24/27 MP: 1/1
   566 | D:1      | Reached XP level 3. HP: 34/34 MP: 2/2
  1410 | D:2      | Found a faded altar of an unknown god.
  2471 | D:4      | Noticed Ijyb
  2484 | D:4      | Paralysed by Ijyb for 2 turns
  2488 | D:4      | Paralysed by Ijyb for 7 turns
  2494 | D:4      | Noticed an ogre
  2496 | D:4      | Killed Ijyb
  2497 | D:4      | Reached skill level 5 in Fighting
  2497 | D:4      | Reached XP level 4. HP: 37/42 MP: 3/3
  2501 | D:4      | Annihilated by an ogre

Illustrated notes

Levels and vault maps discovered:
D:1:      roderic_crop_circles_arrival_small, layout_basic
D:2:      layout_basic, chequers_ecumenical_altar_island, lemuel_old_faithful
D:3:      layout_basic, chequers_serial_rivers_micro_b
D:4:      layout_loops_ring, mainiacjoe_overflow_catwalk, led_sif_pool,
          nicolae_vehumet_radiance, serial_shops, shop, uniq_ijyb, uniq_sigmund,
          uniq_blork_the_orc, uniq_menkaure

Skill      XL: |  1  2  3 |
---------------+----------+-----
Fighting       | 4 5 |  5.0
Axes           | 3 4 |  4.3
Armour         | |  3.6
Shields        | |  3.6

Action                   |  1- 3 |  4- 6 || total
-------------------------+-------+-------++-------
Melee: War axe           |    92 |     5 ||    97
       Headbutt          |    10 |     1 ||    11
Armor: Scale mail        |    41 |       ||    41
Dodge: Dodged            |    56 |     2 ||    58
Block: Buckler           |    18 |       ||    18
